 Dungeon Crawl Stone Soup version 0.18.1-50-g88ac8fd (webtiles) character file.

295 Kurtz the Insei (level 6, -3/47 HPs)
             Began as a Mummy Monk on Aug 7, 2018.
             Slain by an ogre
             ... wielding a +0 giant spiked club
              (15 damage)
             ... on level 5 of the Dungeon.
             The game lasted 00:02:27 (2720 turns).

Kurtz the Insei (Mummy Monk)                        Turns: 2720, Time: 00:02:27

Health: -3/47      AC:  4    Str: 15    XL:     6   Next: 11%
Magic:  6/6        EV: 13    Int:  9    God:
Gold:   166        SH:  0    Dex: 16    Spells: 0 memorised, 5 levels left

rFire  x . .     SeeInvis .       - Unarmed
rCold  + . .     Gourm    .     (no armour)
rNeg   + + +     Faith    .     (no shield)
rPois  ∞         Spirit   .     (no helmet)
rElec  .         Dismiss  .     e - +0 cloak (curse)
rCorr  .         Reflect  .     c - +2 pair of gloves
SustAt .         Harm     .     (no boots)
MR     .....                    (no amulet)
Stlth  ++........               (no ring)
                                (no ring)

@: not resistant to hostile enchantments, unstealthy
A: no food or potions, fire vulnerability, cold resistance 1, negative energy
resistance 3, torment resistance, unbreathing
a: no special abilities


You were on level 5 of the Dungeon.
You were not hungry.

You visited 1 branch of the dungeon, and saw 5 of its levels.

You collected 166 gold pieces.

Inventory:

Armour
 c - a +2 pair of gloves (worn)
 e - a cursed +0 cloak (worn)
Jewellery
 f - an uncursed amulet of the gourmand {unknown}
 i - the amulet "Xellohis" {Faith rElec rN+ Str-5 Stlth+, unknown}
   (You found it on level 5 of the Dungeon)

   [amulet of faith]

   It allows you to gain divine favour quickly.
   It affects your strength (-5).
   It insulates you from electricity.
   It protects you from negative energy.
   It makes you more stealthy.
Scrolls
 a - 5 scrolls of identify {unknown}
 b - 2 scrolls of magic mapping {unknown}
 d - a scroll of teleportation {unknown}
 g - a scroll of enchant armour {unknown}
Comestibles
 h - 2 fruits


   Skills:
 - Level 3.0 Fighting
 - Level 2.4 Dodging
 * Level 2.5 Stealth
 * Level 5.8 Unarmed Combat


You had 5 spell levels left.
You didn't know any spells.

Dungeon Overview and Level Annotations

Branches:
Dungeon (5/15)
 Temple: D:4-7

Altars:
Ashenzari
Elyvilon
Fedhas
Pakellas
Qazlal
Vehumet
Xom
The Shining One

Annotations:
D:2 Natasha


Innate Abilities, Weirdness & Mutations

You do not eat or drink.
Your flesh is vulnerable to fire.
You are immune to poison.
Your flesh is cold resistant.
You are immune to negative energy.
You are immune to unholy pain and torment.
You can survive without breathing.


Message History

The ogre is severely wounded.
The ogre closely misses you.
You barely miss the ogre.
The ogre is severely wounded.
You hit the ogre.
The ogre is almost dead.
The ogre hits you with a giant spiked club!!
Ouch! That really hurt!
* * * LOW HITPOINT WARNING * * *
You are too injured to fight recklessly!
You are too injured to fight recklessly!
You are too injured to fight recklessly!
You are too injured to fight recklessly!
You are too injured to fight recklessly!
You are too injured to fight recklessly!
You are too injured to fight recklessly!
You hit the ogre but do no damage.
The ogre is almost dead.
The ogre hits you with a giant spiked club!
You die...

...........#
#....#
.###.####.##.#
#.###.#
........[....#
#.# .
#...!........#
#.#
.....##.####.#
#.# #.## #.#
#.# # #.#
###.# (...
#...####..##.
#(#..@O......
#........###.
##.####......
#. #.###. #.
.# #. # .. ..


You could see an ogre.

Vanquished Creatures
  An ogre (D:4)
  A howler monkey (D:4)
  A centaur skeleton (D:4)
  2 worker ants (D:4)
  4 adders
  An ooze (D:4)
  A worm (D:4)
  2 dart slugs
  3 giant geckos
  3 orcs
  A ball python (D:4)
  5 giant cockroaches
  2 goblins
  A hobgoblin (D:2)
  3 jackals
  A quokka (D:3)
  2 bats
  A giant gecko zombie (D:3)
  A giant newt (D:1)
  A jackal skeleton (D:4)
  4 kobolds
  2 rats
43 creatures vanquished.

Notes
Turn   | Place    | Note
--------------------------------------------------------------
     0 | D:1      | Kurtz the Mummy Monk began the quest for the Orb.
     0 | D:1      | Reached XP level 1. HP: 18/18 MP: 1/1
   408 | D:1      | You fall through a shaft!
   419 | D:2      | Reached XP level 2. HP: 16/24 MP: 2/2
   878 | D:2      | Noticed Natasha
  1025 | D:3      | Reached skill level 4 in Unarmed Combat
  1145 | D:3      | Reached XP level 3. HP: 29/29 MP: 3/3
  1413 | D:3      | Found a shattered altar of Ashenzari.
  1498 | D:3      | Noticed a scorpion
  1545 | D:4      | Reached XP level 4. HP: 23/35 MP: 4/4
  1728 | D:4      | Noticed an ogre
  1742 | D:4      | Killed an ogre
  1742 | D:4      | Reached skill level 5 in Unarmed Combat
  1742 | D:4      | Reached XP level 5. HP: 41/41 MP: 5/5
  2174 | D:4      | Found a radiant altar of Vehumet.
  2178 | D:4      | Found a shimmering altar of Xom.
  2178 | D:4      | Found a stormy altar of Qazlal.
  2179 | D:4      | Found an oddly glowing altar of Pakellas.
  2179 | D:4      | Found a white marble altar of Elyvilon.
  2179 | D:4      | Found a blossoming altar of Fedhas.
  2179 | D:4      | Found a glowing golden altar of the Shining One.
  2448 | D:4      | Reached XP level 6. HP: 47/47 MP: 6/6
  2682 | D:5      | Entered Level 5 of the Dungeon
  2685 | D:5      | Got a warped tin amulet
  2720 | D:5      | Slain by an ogre

Skill      XL: |  1  2  3  4 |
---------------+-------------+-----
Unarmed Combat | 4 5 |  5.8
Stealth        | 2 |  2.5
Fighting       | |  3.0
Dodging        | |  2.4

Action                   |  1- 3 |  4- 6 || total
-------------------------+-------+-------++-------
Melee: Unarmed           |   119 |    99 ||   218
       Punch             |     3 |     2 ||     5
 Stab: Sleeping          |     4 |     4 ||     8
Armor: Skin              |    14 |    16 ||    30
Dodge: Dodged            |    81 |    54 ||   135
